 Dungeon Crawl Stone Soup version 0.27-a0-531-gb72ec1a1b6 (webtiles) character file.

Game seed: 10284267669382377130

96145 jasper the Cleaver (level 15, -7/115 HPs)
             Began as a Demonspawn Necromancer on Mar 5, 2021.
             Was the Champion of Kikubaaqudgha.
             Collided with a rock wall (13 damage)
             ... caused by a wretched star
             ... on level 3 of the Abyss.
             The game lasted 00:49:27 (33508 turns).

jasper the Cleaver (Demonspawn Necromancer)        Turns: 33508, Time: 00:49:28

Health: -7/115     AC: 22    Str:  7    XL:     15   Next: 68%
Magic:  27/27      EV: 16    Int: 26    God:    Kikubaaqudgha [******]
Gold:   1967       SH: 20    Dex: 19    Spells: 1/30 levels left

rFire    + . .     SeeInvis .   R - +5 broad axe
rCold    + . .     Faith    .   V - +0 kite shield
rNeg     . . .     Spirit   .   U - +3 acid dragon scales
rPois    +         Reflect  +   P - +0 helmet
rElec    +         Harm     .   M - +0 cloak
rCorr    +         Rampage  .   X - +0 pair of gloves
Will     +++..     Rnd*Rage +   (boots unavailable)
Stlth    ++........             t - amulet of reflection
HPRegen  0.29/turn              w - ring of the Mage {Wiz Will++ Int+3}
MPRegen  0.20/turn              I - +6 ring of dexterity

@: mighty, resistant, sanguine armoured
A: talons 3, berserk 1, deformed body, icemail 1, spiny 3, weak 1, sanguine
armour 1, condensation shield
a: Renounce Religion, Receive Corpses, Torment


You were on level 3 of the Abyss.
You worshipped Kikubaaqudgha.
Kikubaaqudgha was exalted by your worship.
You visited 5 branches of the dungeon, and saw 26 of its levels.
You visited the Abyss 1 time.
You also visited: Bailey.

You collected 2759 gold pieces.
You spent 792 gold pieces at shops.

Inventory:

Hand Weapons
 x - a +1 hand axe of electrocution
 R - a +5 broad axe (weapon)
 T - a +1 morningstar of protection
Missiles
 i - 71 poisoned darts
 j - 51 javelins
 u - 65 boomerangs
 Q - 13 throwing nets
Armour
 z - a +0 buckler
 M - a +0 cloak (worn)
 P - a +0 helmet (worn)
 U - +3 acid dragon scales (worn)
 V - a +0 kite shield (worn)
 X - a +0 pair of gloves (worn)
Jewellery
 f - a +6 ring of strength
 t - an amulet of reflection (around neck)
 w - the ring of the Mage (left hand) {Wiz Will++ Int+3}
   (You took it off an orc on level 10 of the Dungeon)

   [ring of wizardry]

   It improves your spell success rate.
   It affects your intelligence (+3).
   It affects your willpower, your defense against some magical effects.
 C - a ring of wizardry
 H - a ring of wizardry
 I - a +6 ring of dexterity (right hand)
Wands
 o - a wand of mindburst (15)
 v - a wand of paralysis (6)
 D - a wand of flame (27)
 L - a wand of digging (4)
 Y - a wand of acid (3)
Scrolls
 d - 21 scrolls of teleportation
 e - 2 scrolls of blinking
 r - 4 scrolls of fog
 s - 4 scrolls of immolation
 y - 4 scrolls of random uselessness
 A - 3 scrolls of amnesia
 E - 9 scrolls of identify
 O - 6 scrolls of fear
 Z - 2 scrolls of magic mapping
Potions
 a - a potion of haste
 b - 5 potions of mutation
 g - 2 potions of magic
 k - 4 potions of degeneration
 m - 6 potions of flight
 n - a potion of heal wounds
 p - 6 potions of curing
 q - 3 potions of invisibility
 B - 2 potions of attraction
 F - 5 potions of lignification
 G - 5 potions of brilliance
 J - 3 potions of resistance
 K - a potion of berserk rage
 W - a potion of cancellation
Miscellaneous
 c - a box of beasts


   Skills:
 - Level 10.0 Fighting
 - Level 14.0 Axes
 - Level 8.0 Armour
 - Level 10.0 Dodging
 - Level 1.7 Stealth
 + Level 10.9 Shields
 - Level 8.0 Spellcasting
 - Level 10.0 Necromancy
 - Level 5.0 Ice Magic


You had one spell level left.
You knew the following spells:

 Your Spells              Type           Power      Damage    Failure   Level
a - Dispel Undead         Necr           58%        3d21      1%          4
b - Animate Skeleton      Necr           100%       N/A       1%          1
c - Vampiric Draining     Necr           29%        2d10      1%          3
d - Sublimation of Blood  Necr           29%        N/A       1%          2
e - Corpse Rot            Necr/Air       N/A        N/A       1%          2
f - Animate Dead          Necr           29%        N/A       1%          4
g - Excruciating Wounds   Necr           29%        N/A       3%          5
h - Simulacrum            Ice/Necr       24%        N/A       41%         6
i - Blink                 Tloc           N/A        N/A       10%         2

Your spell library contained the following spells:

 Spells                   Type           Power      Damage    Failure   Level
 Freeze                   Ice            100%       1d11      1%          1
 Pain                     Necr           100%       1d9       1%          1
 Magic Dart               Conj           40%        1d5       6%          1
 Sting                    Tmut/Pois      40%        1d5       6%          1
 Summon Small Mammal      Summ           40%        N/A       6%          1
 Frozen Ramparts          Ice            72%        1d9       2%          3
 Ozocubu's Armour         Ice            36%        N/A       2%          3
 Agony                    Necr           58%        N/A       3%          5
 Call Imp                 Summ           10%        N/A       10%         2
 Poisonous Vapours        Pois/Air       20%        N/A       10%         2
 Slow                     Hex            10%        N/A       10%         2
 Death Channel            Necr           29%        N/A       16%         6
 Call Canine Familiar     Summ           10%        N/A       19%         3
 Confusing Touch          Hex            10%        N/A       19%         3
 Conjure Flame            Conj/Fire      10%        6-21      19%         3
 Gell's Gravitas          Tloc           5%         N/A       19%         3
 Ignite Poison            Fire/Tmut/Pois 10%        N/A       19%         3
 Mephitic Cloud           Conj/Pois/Air  10%        N/A       19%         3
 Summon Guardian Golem    Hex/Summ       10%        N/A       19%         3
 Hailstorm                Conj/Ice       23%        3d7       22%         4
 Summon Ice Beast         Ice/Summ       23%        N/A       22%         4
 Olgreb's Toxic Radiance  Pois           10%        N/A       52%         4
 Petrify                  Tmut/Erth      10%        N/A       52%         4
 Summon Lightning Spire   Summ/Air       10%        N/A       52%         4
 Metabolic Englaciation   Hex/Ice        11%        N/A       52%         5
 Bolt of Magma            Conj/Fire/Erth 5%         4d5       85%         5
 Iskenderun's Battlesphe  Conj           10%        2d6       85%         5
 Yara's Violent Unravell  Hex/Tmut       5%         3d4       85%         5
 Borgnjor's Revivificati  Necr           29%        N/A       99%         8
 Infestation              Necr           29%        N/A       99%         8
 Iron Shot                Conj/Erth      5%         9d2       100%        6
 Orb of Destruction       Conj           5%         9d2       100%        7
 Spellforged Servitor     Conj/Summ      5%         N/A       100%        7
 Necromutation            Tmut/Necr      18%        N/A       100%        8
 Death's Door             Necr           29%        N/A       100%        9


Dungeon Overview and Level Annotations

Branches:
Dungeon (15/15)            Temple (1/1) D:5            Lair (5/6) D:11
 Shoals (3/4) Lair:2       Spider (0/4) Lair:3          Orc (2/2) D:11
    Elf (0/3) Orc:2        Vaults (0/5) D:14         Depths (0/5) D:15
 Bailey (visited)
  Slime: Lair:5-6

Altars:
Cheibriados
Dithmenos
Elyvilon
Fedhas
Gozag
Hepliaklqana
Kikubaaqudgha
Makhleb
Nemelex Xobeh
Okawaru
Qazlal
Ru
Sif Muna
Uskayaw
Wu Jian
Yredelemnul
Zin
The Shining One
Beogh

Shops:
D:5 [   D:9 (   D:12 *   Orc:2 =(*[   Shoals:3 *

Annotations:
D:15 1 runed translucent door, ZLogic's ghost, journeyman SpEn


Innate Abilities, Weirdness & Mutations

You have claws for feet.
A meltable icy envelope protects you from harm. (AC +4)
You are completely covered in sharp spines.
When seriously injured, your bleeding wounds create armour. (AC +6)
A meltable shield of frost defends you. (SH +4)
You tend to lose your temper in combat.
Armour fits poorly on your strangely shaped body.
You are weak. (Str -2)


Message History

You barely miss the raiju.
The raiju is severely wounded.
You slash the raiju!
You kill the raiju!
Kikubaaqudgha accepts your kill.
You closely miss the wretched star.
The wretched star glows turbulently.
The lance of force hits you!
* * * LOW HITPOINT WARNING * * *
You are knocked back by the lance of force.
You slam into the rock wall!
The raiju bursts into living lightning!
The living lightning hits you! You resist.
* * * LOW HITPOINT WARNING * * *
The living lightning misses you.
The raiju blinks!
You take 24 damage, and have 23/115 hp.
MASSIVE DAMAGE!!
You feel much better.
The wretched star glows turbulently.
The lance of force misses you.
You regained 19 hp, and now have 42/115 hp.
You slash the raiju! You claw the raiju.
You kill the raiju!
Kikubaaqudgha accepts your kill.
You hit the wretched star but do no damage.
The wretched star glows turbulently.
The lance of force hits you!
* * * LOW HITPOINT WARNING * * *
You are knocked back by the lance of force.
You slam into the rock wall!
* * * LOW HITPOINT WARNING * * *
You take 9 damage, and have 33/115 hp.
You slice the wretched star!!
The wretched star is heavily damaged.
The wretched star glows turbulently.
The lance of force hits you!!
* * * LOW HITPOINT WARNING * * *
You are knocked back by the lance of force.
You slam into the rock wall!
You die...
Kikubaaqudgha rasps: "You have failed me!
Welcome... death!"

. #. .... . ##
#s . . ##. ##.
.v.. .... . . ..
. ... #v #. ..#
( .....## ..v# .
## ....#..# ..
.. .#
.......###.#...
# #.@†.## #
#....*##.....###
#...#.# .......#
.... .# . .#.#.
# ... #.
##...#>.. .. #.
. (.... . # #
#.#. .... # #.
.# . # . . ...##
.


You could see a wretched star.

Vanquished Creatures
  A kraken (Shoals:2)
  An ironheart preserver (D:14)
  A merfolk javelineer (Shoals:1)
  2 boulder beetles
  A rakshasa (D:12)
  Harold (D:10)
  7 hydras
  An ice dragon (Orc:2)
  3 ogre magi
  3 merfolk avatars
  2 centaur warriors
  A merfolk aquamancer (Shoals:2)
  11 two-headed ogres
  A satyr (Shoals:2)
  Urug (Lair:1)
  An orc high priest (Orc:1)
  Nergalle (D:10)
  A skeletal warrior (D:13)
  A large abomination (Abyss:3)
  2 deep trolls
  6 sea snakes
  A spatial maelstrom (Abyss:3)
  A deep troll (shapeshifter) (D:14)
  2 unseen horrors (D:12)
  6 harpies
  2 wizards
  2 deep elf pyromancers (D:15)
  4 ugly things
  2 manticores (D:15)
  An orc knight (Orc:2)
  7 fauns
  A wolf spider (Lair:3)
  4 cyclopes
  2 orc sorcerers
  5 centaur zombies
  6 black mambas
  Joseph (D:7)
  4 merfolk sirens (Shoals:2)
  Maurice (D:8)
  A water nymph (Shoals:2)
  A naga mage (D:15)
  9 cane toads
  A gargoyle (D:14)
  Maggie (D:10)
  A komodo dragon (D:11)
  A rime drake (Lair:3)
  A yaktaur (D:10)
  2 tengu conjurers (D:15)
  An efreet (D:15)
  A demonic crawler (Abyss:3)
  A kobold demonologist (D:14)
  A jumping spider (Lair:3)
  13 trolls
  A troll (shapeshifter) (D:14)
  9 merfolk
  2 polar bears (Orc:2)
  4 wind drakes
  A hornet (D:11)
  3 raiju (Abyss:3)
  9 blink frogs
  6 dream sheep (Lair:2)
  3 snapping turtles
  16 flying skulls (D:13)
  A shadow (D:11)
  8 water elementals
  4 wraiths
  A basilisk (Lair:5)
  40 yaks
  A neqoxec (Abyss:3)
  A wyvern (Lair:5)
  5 vampire mosquitoes
  3 wargs
  11 water moccasins
  2 ice beasts
  27 orc warriors
  2 black bears
  3 sky beasts
  3 necrophages (D:10)
  2 eyes of draining
  28 ogres
  21 wolves
  5 small abominations (Abyss:3)
  2 phantoms
  15 centaurs
  A kobold brigand (D:9)
  A wyvern zombie (D:10)
  Blork the orc (D:4)
  15 bullfrogs
  A hornet simulacrum (D:14)
  3 scorpions
  5 killer bees (D:12)
  3 electric eels (D:13)
  10 wights
  3 howler monkeys
  A lava snake (Lair:5)
  5 bullfrog zombies
  5 hounds
  A bullfrog skeleton (D:12)
  3 jellies
  5 centaur skeletons
  18 orc priests
  Natasha (thrice) (D:2)
  An iguana (D:8)
  7 worker ants
  20 orc wizards
  A killer bee zombie (D:10)
  A hound zombie (D:10)
  A hound skeleton (D:5)
  2 mummies (D:10)
  5 worker ant zombies
  A howler monkey zombie (D:10)
  15 adders
  A howler monkey skeleton (D:10)
  3 white imps
  4 ufetubi
  An adder skeleton (D:10)
  6 worms
  3 dart slugs
  2 leopard geckos
  94 orcs
  5 giant cockroaches
  10 goblins
  10 hobgoblins
  6 jackals
  10 kobolds
  5 quokkas
  A ball python (D:3)
  10 bats
  6 frilled lizards
  A leopard gecko skeleton (D:7)
  A quokka zombie (D:6)
  8 rats
  A tentacle (Shoals:2)
701 creatures vanquished.

Vanquished Creatures (collateral kills)
  A two-headed ogre (Orc:2)
  A deep elf pyromancer (D:15)
  An ugly thing (D:12)
  A rime drake (Orc:2)
  A merfolk (Shoals:1)
  A troll (Orc:2)
  An orc warrior (Orc:1)
  A bullfrog (Lair:2)
  A centaur zombie (D:12)
  An adder (D:12)
  2 orcs (Orc:1)
12 creatures vanquished.

Vanquished Creatures (others)
  A komodo dragon (D:10)
  An orc priest (D:10)
  2 orc wizards
  7 bushes (D:10)
  7 fungi
  50 plants
  7 tentacles (Shoals:2)
  2 withered plants (D:10)
77 creatures vanquished.

Grand Total: 790 creatures vanquished

Notes
Turn   | Place    | Note
-------+----------+-------------------------------------------
     0 | D:1      | jasper the Demonspawn Necromancer began the quest for the
                  | Orb.
     0 | D:1      | Reached XP level 1. HP: 13/13 MP: 3/3
   308 | D:1      | Gained mutation: You are partially covered in sharp spines.
                  | [demonic ancestry]
   308 | D:1      | Reached XP level 2. HP: 17/20 MP: 1/5
   310 | D:1      | Learned a level 1 spell: Animate Skeleton
   848 | D:1      | Reached skill level 1 in Fighting
  1195 | D:2      | Reached skill level 1 in Armour
  1195 | D:2      | Reached skill level 5 in Necromancy
  1195 | D:2      | Reached XP level 3. HP: 24/26 MP: 3/6
  1199 | D:2      | Learned a level 3 spell: Vampiric Draining
  1266 | D:2      | Noticed Natasha
  1283 | D:2      | Killed Natasha
  1597 | D:2      | Found an opulent altar of Gozag.
  1602 | D:2      | Gained mutation: A meltable shield of frost defends you.
                  | (SH +4) [demonic ancestry]
  1602 | D:2      | Reached XP level 4. HP: 28/32 MP: 7/7
  2030 | D:2      | Found a sacrificial altar of Ru.
  2124 | D:2      | Gained mutation: You have sharp toenails. [demonic
                  | ancestry]
  2124 | D:2      | Reached XP level 5. HP: 35/38 MP: 8/8
  2252 | D:2      | Noticed Natasha
  2265 | D:2      | Killed Natasha
  2332 | D:2      | Noticed Natasha
  2342 | D:2      | Killed Natasha
  2620 | D:3      | Gained mutation: A meltable icy envelope protects you from
                  | harm. (AC +4) [demonic ancestry]
  2620 | D:3      | Reached XP level 6. HP: 34/46 MP: 4/9
  2739 | D:3      | Found a stormy altar of Qazlal.
  2755 | D:3      | Found an iron altar of Okawaru.
  3386 | D:3      | Found a burning altar of Makhleb.
  3613 | D:4      | Noticed Blork the orc
  3624 | D:4      | Killed Blork the orc
  4008 | D:4      | Reached XP level 7. HP: 52/52 MP: 10/10
  4519 | D:5      | Entered Level 5 of the Dungeon
  4538 | D:5      | Found Lalyen's Antique Armour Shoppe.
  4569 | D:5      | Found a shadowy altar of Dithmenos.
  4914 | D:5      | Found a staircase to the Ecumenical Temple.
  5664 | D:6      | Found a blossoming altar of Fedhas.
  5677 | D:6      | Reached skill level 1 in Shields
  5926 | D:6      | Reached XP level 8. HP: 59/60 MP: 11/11
  6045 | D:6      | Reached skill level 1 in Axes
  6204 | D:5      | Bought a pair of smouldering boots for 228 gold pieces
  6204 | D:5      | Identified the +1 pair of boots of Dishonesty {rPois
                  | Stlth+} (You bought it in a shop on level 5 of the Dungeon)
  6439 | D:7      | Noticed Joseph
  6452 | D:7      | Killed Joseph
  6453 | D:7      | Reached skill level 3 in Axes
  6539 | D:7      | Reached skill level 4 in Axes
  6560 | D:7      | Reached skill level 5 in Axes
  6796 | D:8      | Gained mutation: When seriously injured, your bleeding
                  | wounds create armour. (AC +6) [demonic ancestry]
  6796 | D:8      | Reached XP level 9. HP: 33/65 MP: 4/12
  6990 | D:8      | Reached skill level 6 in Axes
  7262 | D:8      | Noticed Maurice
  7387 | D:8      | Killed Maurice
  7388 | D:8      | Reached skill level 7 in Axes
  7927 | D:9      | Reached skill level 8 in Axes
  8063 | Temple   | Entered the Ecumenical Temple
  8090 | Temple   | Became a worshipper of Kikubaaqudgha
  8128 | D:7      | Found an ornate altar of the Wu Jian Council.
  8198 | D:7      | Found a sparkling altar of Nemelex Xobeh.
  8200 | D:7      | Found a hazy altar of Hepliaklqana.
  8323 | D:7      | Found a snail-covered altar of Cheibriados.
  8341 | D:7      | Found an iron altar of Okawaru.
  8886 | D:9      | Reached skill level 9 in Axes
  8887 | D:9      | Reached * piety under Kikubaaqudgha
  8887 | D:9      | Identified Kikubaaqudgha's Incunabulum of Sinister Rituals
                  | (Kikubaaqudgha gifted it to you on level 9 of the Dungeon)
  8887 | D:9      | Received a gift from Kikubaaqudgha
  8909 | D:9      | Learned a level 2 spell: Sublimation of Blood
  8912 | D:9      | Learned a level 2 spell: Corpse Rot
  9246 | D:9      | Found Isuefa's Weapon Shoppe.
  9251 | D:9      | Bought a +0 broad axe for 52 gold pieces
  9325 | D:10     | Entered Level 10 of the Dungeon
  9480 | D:10     | Reached XP level 10. HP: 55/71 MP: 6/13
  9496 | D:10     | Reached skill level 10 in Axes
  9769 | D:10     | Noticed Harold
  9825 | D:11     | Noticed a seven-headed hydra
  9830 | D:11     | Noticed a cyclops
  9901 | D:10     | Noticed Maggie
  9911 | D:10     | Noticed Nergalle
  9925 | D:10     | Killed Maggie
  9929 | D:10     | Killed Nergalle
  9930 | D:10     | Reached skill level 11 in Axes
  9949 | D:10     | Learned a level 4 spell: Animate Dead
 10300 | D:10     | Killed Harold
 10301 | D:10     | Reached skill level 12 in Axes
 10470 | D:10     | Reached ** piety under Kikubaaqudgha
 10682 | D:10     | Reached XP level 11. HP: 77/77 MP: 14/14
 10965 | D:10     | Noticed a centaur warrior
 11002 | D:10     | Reached skill level 13 in Axes
 11003 | D:10     | Killed a centaur warrior
 11340 | D:10     | Found a blossoming altar of Fedhas.
 11947 | D:11     | Found a staircase to the Orcish Mines.
 11969 | D:11     | Reached *** piety under Kikubaaqudgha
 11969 | D:11     | Identified Kikubaaqudgha's Almanac of Sinister Magic
                  | (Kikubaaqudgha gifted it to you on level 11 of the Dungeon)
 11969 | D:11     | Received a gift from Kikubaaqudgha
 12051 | D:11     | Killed a seven-headed hydra
 12398 | D:11     | Reached skill level 14 in Axes
 12967 | D:11     | Found a sparkling altar of Nemelex Xobeh.
 13051 | D:11     | Found a staircase to the Lair.
 13145 | D:12     | Found Dinoq's Elemental Accessories.
 13145 | D:12     | Noticed a cyan ugly thing
 13145 | D:12     | Noticed a purple ugly thing
 13208 | Lair:1   | Entered Level 1 of the Lair of Beasts
 13251 | Lair:1   | Noticed Urug
 13286 | Lair:1   | Killed Urug
 13343 | Lair:1   | Learned a level 4 spell: Dispel Undead
 14217 | Lair:2   | Found a staircase to the Shoals.
 14237 | Lair:2   | Gained mutation: You are mostly covered in sharp spines.
                  | [demonic ancestry]
 14237 | Lair:2   | Reached XP level 12. HP: 71/85 MP: 16/16
 14240 | Lair:2   | Reached skill level 5 in Fighting
 14266 | Lair:2   | Reached **** piety under Kikubaaqudgha
 14269 | Lair:2   | Reached skill level 5 in Armour
 14417 | Lair:2   | Noticed a four-headed hydra
 14432 | Lair:2   | Killed a four-headed hydra
 15905 | Lair:3   | Noticed a five-headed hydra
 15917 | Lair:3   | Killed a five-headed hydra
 16202 | Lair:3   | Found an ornate altar of the Wu Jian Council.
 16202 | Lair:3   | Found a hide-covered altar of Uskayaw.
 16202 | Lair:3   | Noticed a boulder beetle
 16227 | Lair:3   | Killed a boulder beetle
 16549 | Lair:3   | Found a hole to the Spider Nest.
 16831 | Lair:4   | Reached skill level 5 in Spellcasting
 16833 | Lair:4   | Reached skill level 5 in Dodging
 17392 | Lair:4   | Found a basalt altar of Yredelemnul.
 18266 | Lair:5   | Reached skill level 10 in Necromancy
 18273 | Lair:5   | Gained mutation: You have razor-sharp toenails. [demonic
                  | ancestry]
 18273 | Lair:5   | Reached XP level 13. HP: 69/95 MP: 19/21
 19617 | Orc:1    | Entered Level 1 of the Orcish Mines
 19634 | Orc:1    | Reached ***** piety under Kikubaaqudgha
 20176 | Orc:2    | Entered Level 2 of the Orcish Mines
 20198 | Orc:2    | Found a staircase to the Elven Halls.
 20455 | Orc:2    | Found Namojaod's Armour Shoppe.
 21036 | Orc:2    | Gained mutation: You have claws for feet. [demonic
                  | ancestry]
 21036 | Orc:2    | Reached XP level 14. HP: 92/108 MP: 10/25
 21173 | Orc:2    | Found Contiac's Antique Weapon Shoppe.
 21181 | Orc:2    | Found Rech's Jewellery Boutique.
 21253 | Orc:2    | Found Araicron's General Store.
 21261 | Orc:2    | Bought a scroll of enchant armour for 120 gold pieces
 21261 | Orc:2    | Bought a potion of heal wounds for 80 gold pieces
 21261 | Orc:2    | Bought a scroll of blinking for 120 gold pieces
 21744 | Orc:2    | Learned a level 5 spell: Excruciating Wounds
 21751 | Orc:2    | Learned a level 6 spell: Simulacrum
 22386 | D:12     | Reached skill level 1 in Ice Magic
 22666 | D:12     | Bought a wand of iceblast (12) for 192 gold pieces
 24227 | D:13     | Found the +3 giant club "Skullcrusher" {speed, Str+7}
 24682 | D:13     | Reached skill level 10 in Fighting
 25115 | D:13     | Reached ****** piety under Kikubaaqudgha
 25242 | D:13     | Received a gift from Kikubaaqudgha
 25719 | D:13     | Identified the +7 hand axe of the Slashing Saviour {vorpal,
                  | Dex+4}
 25936 | D:14     | Found a gate to the Vaults.
 25936 | D:14     | Noticed an ironheart preserver
 25968 | D:14     | Killed an ironheart preserver
 26105 | D:14     | Found a flagged portal.
 26126 | Bailey   | Entered a bailey
 26240 | Bailey   | Reached skill level 5 in Ice Magic
 26918 | D:14     | Reached skill level 10 in Dodging
 27187 | D:15     | Entered Level 15 of the Dungeon
 27397 | D:15     | Identified the amulet "Mupuih" {Spirit Fragile rPois MP+9
                  | Int+6}
 27519 | D:15     | Learned a level 2 spell: Blink
 27611 | D:15     | Reached skill level 5 in Shields
 27865 | D:15     | Found a staircase to the Depths.
 27880 | D:15     | Gained mutation: You are completely covered in sharp
                  | spines. [demonic ancestry]
 27880 | D:15     | Reached XP level 15. HP: 81/115 MP: 23/27
 28037 | D:15     | Found a runed translucent door.
 28045 | D:15     | Noticed ZLogic's ghost (journeyman SpEn)
 28046 | D:15     | Identified the +6 spear "Solono" {vorpal, Stlth+}
 28647 | Shoals:1 | Entered Level 1 of the Shoals
 30482 | Shoals:2 | Noticed a kraken
 32188 | Shoals:2 | Killed a kraken
 32189 | Shoals:2 | Reached skill level 10 in Shields
 32499 | Shoals:3 | Found Eqoyps's Assorted Antiques.
 33196 | Shoals:2 | Cast into level 3 of the Abyss (merfolk)
 33223 | Abyss:3  | Noticed a revenant
 33288 | Abyss:3  | Noticed a tentacled starspawn
 33491 | Abyss:3  | Gained mutation: You are weak. (Str -2) [a neqoxec]
 33492 | Abyss:3  | Gained mutation: You tend to lose your temper in combat. [a
                  | neqoxec]
 33494 | Abyss:3  | Gained mutation: Armour fits poorly on your strangely
                  | shaped body. [a neqoxec]
 33501 | Abyss:3  | HP: 5/115 [wretched star/lance of force (28)]
 33508 | Abyss:3  | Collided with a rock wall

Illustrated notes

Levels and vault maps discovered:
D:1:      dpeg_arrival_tiny_d, layout_rooms, serial_bayou_lagoon_a, st_stairs_6,
          roderic_lattice_a, minmay_misc_feat_rows, minivault_11,
          hangedman_decor_opposing, hangedman_abyss_or_decor_lesser_grid
D:2:      layout_rooms, overflow_temple_1_default, nicolae_gozag_seed_capital,
          lemuel_crystal_altar, uniq_natasha
D:3:      layout_rooms, overflow_temple_1_default,
          nicolae_overflow_hidden_temple, lemuel_round_altar,
          grunt_decor_junction, grunt_qazlal_sundering
D:4:      layout_loops_ring, uniq_blork_the_orc
D:5:      black_bear_nest_1, layout_loops_ring, kennysheep_mini_moat,
          minmay_temple_entry_from_below_b, serial_shops, shop,
          kennysheep_path_1
D:6:      layout_cave_pods, basic_altar, minmay_tree_intersection
D:7:      layout_basic, cheibriados_altar_1, minitemple, basic_altar,
          st_stairs_4, uniq_joseph
D:8:      layout_rooms, uniq_maurice
D:9:      layout_roguey, serial_shops, shop, minmay_misc_feat_encased
D:10:     minmay_the_grid_net [minmay_the_grid_minigrid_small,
          minmay_the_grid_minigrid_medium, minmay_the_grid_empty,
          minmay_the_grid_outer_diamond, minmay_the_grid_broken_lines,
          minmay_the_grid_prize_inner_circle], layout_loops_ring, serial_undead,
          serial_undead_b, serial_undead_e, serial_undead_f, serial_undead_c,
          serial_undead_b, serial_undead_f, serial_undead_e,
          fedhas_altar_decomposition, uniq_maggie, uniq_harold, uniq_nergalle
D:11:     layout_cave_pools, david_lair_shrubbed, minmay_orc_entry_temple_small,
          nemelex_diamond_rough_becter
D:12:     layout_basic, nicolae_elemental_shop
D:13:     layout_basic, minmay_guarded_unrand_skullcrusher
D:14:     layout_cave_pools, skrybe_vaults_entry_preservation,
          minmay_crystal_room, enter_bailey_5, minmay_microvault
D:15:     grunt_enter_depths_magical_seal, layout_basic,
          ebering_ghost_funeral_grove, minmay_misc_feat_x, serial_rivers,
          chequers_serial_rivers_small_3, chequers_serial_rivers_micro_d,
          chequers_serial_rivers_small_b, chequers_serial_rivers_large_a,
          chequers_serial_rivers_marsh, minivault_22
Temple:   cyrus_temple_forest
Lair:1:   layout_long_grid, chequers_serial_rivers_small_3, lemuel_fruit_tree,
          uniq_urug
Lair:2:   layout_chaotic_city, elwin_shoals_entry_rocks, grunt_megastairs_4
Lair:3:   layout_small_grid, spider_nest_entry_funnel_web,
          nzn_masters_of_martial_movement, grunt_megastairs_1
Lair:4:   layout_gridlike, lemuel_centaur_altar
Lair:5:   layout_gridlike
Shoals:1: layout_shoals
Shoals:2: layout_shoals
Shoals:3: layout_shoals, serial_shops, shop, shop, nicolae_shop_crystal, shop,
          nicolae_shop_crystal
Orc:1:    layout_caves, mines1_david
Orc:2:    st_orc_open, layout_diamond_mine,
          portal_ice_cave_entry_animals_and_master
Abyss:3:  base: D:14, nicolae_abyss_rune_left_handed,
          grunt_abyss_rune_forest_and_sorcery

Skill      XL: |  1  2  3  4  5  6  7  8  9 10 11 12 13 14 15 |
---------------+----------------------------------------------+-----
Fighting       | 1 2 3 4 6 9 10 | 10.0
Armour         | 1 2 3 4 6 8 |  8.0
Necromancy     | 5 6 7 8 10 | 10.0
Shields        | 3 4 6 10 | 10.9
Axes           | 5 9 12 14 | 14.0
Dodging        | 3 5 7 10 | 10.0
Spellcasting   | 3 5 7 8 |  8.0
Ice Magic      | 5 |  5.0
Stealth        | |  1.7

Action                   |  1- 3 |  4- 6 |  7- 9 | 10-12 | 13-15 || total
-------------------------+-------+-------+-------+-------+-------++-------
Melee: Dagger            |    68 |    44 |       |       |       ||   112
       Flail             |       |    24 |       |       |       ||    24
       Hand axe          |       |    22 |   324 |   537 |   928 ||  1811
       Morningstar       |       |       |       |    12 |    36 ||    48
       Kick              |       |       |       |       |   237 ||   237
       Broad axe         |       |       |       |       |   196 ||   196
Throw: Javelin           |     1 |    15 |       |       |       ||    16
       Dart              |       |     1 |       |     3 |       ||     4
 Cast: Pain              |    17 |    76 |     6 |       |       ||    99
       Animate Skeleton  |     1 |     1 |     2 |     2 |       ||     6
       Vampiric Draining |     1 |     2 |    11 |    64 |   141 ||   219
       Animate Dead      |       |       |       |     4 |    16 ||    20
       Corpse Rot        |       |       |       |     2 |       ||     2
       Excruciating Woun |       |       |       |       |    11 ||    11
Invok: Receive Corpses   |       |       |       |     1 |     2 ||     3
       Torment           |       |       |       |       |     1 ||     1
       Receive Necronomi |       |       |       |       |     1 ||     1
Evoke: Wand              |       |       |     1 |     1 |    26 ||    28
  Use: Potion            |     2 |     2 |     1 |     6 |     8 ||    19
       Scroll            |       |       |       |    23 |    12 ||    35
 Stab: Sleeping          |     2 |       |     4 |    10 |     4 ||    20
       Invisible         |       |       |       |     6 |       ||     6
       Distracted        |       |       |       |       |     1 ||     1
Armor: Ring mail         |    33 |    44 |   128 |    20 |       ||   225
       Acid dragon scale |       |       |       |   186 |   338 ||   524
       Skin              |       |       |       |     2 |       ||     2
Dodge: Dodged            |    46 |    53 |   112 |   215 |   435 ||   861
Block: Other             |       |    27 |    17 |       |       ||    44
       Buckler           |       |       |    80 |   264 |   646 ||   990
       Reflection        |       |       |       |    15 |    26 ||    41
       Kite shield       |       |       |       |       |   163 ||   163

Table legend: (Time is in decaauts)
 A = Elapsed time spent in this place.
 B = Non-inter-level travel time spent in this place.
 C = Inter-level travel time spent in this place.
 D = Time resting spent in this place.
 E = Time spent auto-exploring this place.
 F = Levels seen in this place.
 G = Mean time per level.
                   A        B        C        D        E       F      G
               +--------+--------+--------+--------+--------+-----+--------+
         Total |  33220 |  32124 |   1096 |   5369 |  21926 |  28 | 1186.4 |
       Dungeon |  19027 |  18281 |    746 |   2657 |  12662 |  15 | 1268.5 |
        Temple |     50 |     28 |     22 |      0 |     23 |   1 |   50.0 |
          Lair |   6278 |   6076 |    202 |    265 |   5230 |   5 | 1255.6 |
        Shoals |   4677 |   4647 |     30 |   1781 |   2265 |   3 | 1559.0 |
  Orcish Mines |   2625 |   2529 |     96 |    462 |   1653 |   2 | 1312.5 |
         Abyss |    311 |    311 |      0 |    150 |      7 |   1 |  311.0 |
        Bailey |    249 |    249 |      0 |     53 |     86 |   1 |  249.0 |
               +--------+--------+--------+--------+--------+-----+--------+

Top non-repeatable levels by time:
Shoals:2: 2908 daAuts
    D:10: 2740 daAuts
    D:13: 2349 daAuts
Shoals:1: 1742 daAuts
  Lair:4: 1447 daAuts
     D:1: 1444 daAuts
   Orc:2: 1436 daAuts
    D:11: 1403 daAuts
  Lair:2: 1316 daAuts
    D:15: 1278 daAuts
  Lair:3: 1276 daAuts
     D:8: 1276 daAuts
  Lair:5: 1228 daAuts
   Orc:1: 1189 daAuts
     D:4: 1106 daAuts
